 Dungeon Crawl Stone Soup version 0.19.1 (webtiles) character file.

1826 LORDOFBUTT the Shield-Bearer (level 9, -9/72 HPs)
             Began as a Formicid Fighter on Dec 19, 2016.
             Mangled by an ogre
             ... wielding a +0 giant club
              (14 damage)
             ... on level 6 of the Dungeon.
             The game lasted 00:06:30 (4537 turns).

LORDOFBUTT the Shield-Bearer (Formicid Fighter)     Turns: 4537, Time: 00:06:30

Health: -9/72      AC: 12    Str: 20    XL:     9   Next: 32%
Magic:  9/9        EV:  7    Int:  9    God:
Gold:   221        SH: 11    Dex: 13    Spells: 0 memorised, 8 levels left

rFire  . . .     SeeInvis +     a - +0 war axe
rCold  . . .     Gourm    +     G - +0 chain mail {rPois}
rNeg   . . .     Faith    .     c - +0 shield
rPois  +         Spirit   .     (helmet unavailable)
rElec  .         Reflect  .     B - +1 cloak
rCorr  +         Harm     .     (no gloves)
MR     .....                    (no boots)
Stlth  ..........               t - amulet of the gourmand
                                (no ring)
                                F - ring of resist corrosion

@: no status effects
A: permanent stasis, dig shafts and tunnels, four strong arms, antennae 3
a: Dig, Shaft Self


You were on level 6 of the Dungeon.
You were not hungry.

You visited 1 branch of the dungeon, and saw 6 of its levels.

You collected 221 gold pieces.

Inventory:

Hand Weapons
 a - a +0 war axe (weapon)
Armour
 c - a +0 shield (worn)
 B - a +1 cloak (worn)
 G - a +0 chain mail of poison resistance (worn)
Jewellery
 t - an amulet of the gourmand (around neck)
 F - a ring of resist corrosion (left hand)
Wands
 d - a wand of digging (17/24)
 x - a wand of polymorph (8/24)
 E - a wand of confusion (22/48)
 H - a wand of random effects (12/48)
Scrolls
 b - a scroll of fog {unknown}
 e - 5 scrolls of remove curse {unknown}
 h - 3 scrolls of immolation {unknown}
 i - 3 scrolls of teleportation {unknown}
 m - 3 scrolls of enchant armour {unknown}
 o - a scroll of enchant weapon {unknown}
 q - a scroll of blinking {unknown}
 r - 4 scrolls of noise {unknown}
 y - 2 scrolls of amnesia {unknown}
 z - 3 scrolls of magic mapping {unknown}
 C - a scroll of fear {unknown}
 D - a scroll of random uselessness {unknown}
Potions
 g - a potion of brilliance
 j - 2 potions of mutation
 k - a potion of haste
 l - a potion of degeneration
 s - 2 potions of flight
 v - 4 potions of curing
 w - 2 potions of lignification {unknown}
 A - a potion of agility {unknown}
Comestibles
 f - 2 bread rations
 n - a slice of pizza
 p - 3 meat rations
 u - a royal jelly


   Skills:
 + Level 7.2 Fighting
 + Level 5.9 Axes
 + Level 7.3 Armour
 + Level 7.5 Shields


You had 8 spell levels left.
You didn't know any spells.

Dungeon Overview and Level Annotations

Branches:
Dungeon (6/15)             Temple (0/1) D:6

Altars:
Cheibriados
Fedhas
Kikubaaqudgha
Qazlal
Ru

Shops:
D:4 :   D:5 !


Innate Abilities, Weirdness & Mutations

You are under a permanent stasis effect.
You can dig through walls and to a lower floor.
Your four strong arms can wield two-handed weapons with a shield.
You have a pair of large antennae on your head. (SInv)


Message History

Unknown command.
You hit the cyclops.
The cyclops is almost dead.
You closely miss the ogre. The ogre hits you with a giant club!
* * * LOW HITPOINT WARNING * * *
You are too injured to fight recklessly!
You are too injured to fight recklessly!
You are too injured to fight recklessly!
Unknown command.
You slash the cyclops!
You kill the cyclops!
Your Fighting skill increases to level 7!
Your Armour skill increases to level 7!
You hit the ogre. The ogre hits you with a giant club!
* * * LOW HITPOINT WARNING * * *
You slash the orc!
You kill the orc!
You slash the ogre! You block the ogre's attack.
The ogre hits you with a giant club!
You die...

#......(# #.......#
#.......## #######
##.....##. .......
##.....##.
.......########.......#.
.?.[....................
.......O#######.......#.
.......@...###.......##.
##########.((..##....##.
####.....##..#.
#..###.......
#.####..##...
##......###...
########..###### #...
#.....##.(# #...
#.........# #.##


You could see an ogre.

Vanquished Creatures
  A cyclops (D:6)
  Duvessa (D:5)
  A water moccasin (D:6)
  A sky beast (D:5)
  A centaur (D:5)
  An ogre (D:5)
  6 scorpions (D:4)
  A crimson imp (D:6)
  2 orc priests (D:5)
  A hound (D:5)
  A jelly (D:6)
  Crazy Yiuf (D:3)
  Natasha (thrice) (D:3)
  A bullfrog skeleton (D:5)
  2 iguanas
  3 orc wizards
  2 worker ants
  A hound skeleton (D:4)
  A worker ant zombie (D:5)
  9 adders
  2 shadow imps
  An ooze (D:2)
  2 worms
  2 dart slugs
  5 leopard geckos
  11 orcs
  A ball python (D:4)
  6 giant cockroaches
  7 goblins
  12 hobgoblins
  3 quokkas
  8 bats
  A frilled lizard (D:1)
  A jackal zombie (D:5)
  4 kobolds
  4 rats
  A fungus (D:4)
111 creatures vanquished.

Notes
Turn   | Place    | Note
-------+----------+-------------------------------------------
     0 | D:1      | LORDOFBUTT the Formicid Fighter began the quest for the Orb.
     0 | D:1      | Reached XP level 1. HP: 18/18 MP: 1/1
    40 | D:1      | Reached XP level 2. HP: 24/24 MP: 2/2
   167 | D:1      | Reached XP level 3. HP: 12/29 MP: 3/3
   905 | D:2      | Reached XP level 4. HP: 29/37 MP: 4/4
  1003 | D:2      | Found a stormy altar of Qazlal.
  1147 | D:3      | Noticed Natasha
  1157 | D:3      | Killed Natasha
  1158 | D:3      | Reached XP level 5. HP: 20/42 MP: 5/5
  1166 | D:3      | Noticed Natasha
  1170 | D:3      | Killed Natasha
  1214 | D:3      | Noticed Natasha
  1222 | D:3      | Killed Natasha
  1535 | D:3      | Found a runed door.
  1621 | D:3      | Reached XP level 6. HP: 45/49 MP: 6/6
  1758 | D:3      | Noticed Crazy Yiuf
  1763 | D:3      | Killed Crazy Yiuf
  2058 | D:4      | Found a blossoming altar of Fedhas.
  2063 | D:4      | Reached skill level 5 in Shields
  2064 | D:4      | Found a sacrificial altar of Ru.
  2064 | D:4      | Found an ancient bone altar of Kikubaaqudgha.
  2065 | D:4      | Found a snail-covered altar of Cheibriados.
  2170 | D:4      | Reached skill level 5 in Armour
  2430 | D:4      | Reached skill level 5 in Fighting
  2430 | D:4      | Reached XP level 7. HP: 56/56 MP: 7/7
  3047 | D:4      | Found Atiwkuot's Book Shoppe.
  3110 | D:5      | Entered Level 5 of the Dungeon
  3156 | D:5      | Reached XP level 8. HP: 9/63 MP: 8/8
  3497 | D:5      | Found Paoxod's Distillery.
  3918 | D:5      | Reached skill level 5 in Axes
  3931 | D:5      | Noticed Duvessa
  3939 | D:5      | Killed Duvessa
  4176 | D:6      | Found a staircase to the Ecumenical Temple.
  4305 | D:6      | Reached XP level 9. HP: 66/71 MP: 9/9
  4523 | D:6      | Noticed a cyclops
  4535 | D:6      | Killed a cyclops
  4537 | D:6      | Mangled by an ogre

Skill      XL: |  1  2  3  4  5  6  7  8  9 |
---------------+----------------------------+-----
Shields        | 4 5 7 |  7.5
Armour         | 4 5 6 7 |  7.3
Axes           | 3 4 5 |  5.9
Fighting       | 4 5 6 7 |  7.2

Action                   |  1- 3 |  4- 6 |  7- 9 || total
-------------------------+-------+-------+-------++-------
Melee: War axe           |   107 |   142 |   192 ||   441
  Use: Potion            |       |     1 |     2 ||     3
       Scroll            |       |       |     4 ||     4
  Eat: Chunk             |       |     5 |     7 ||    12
       Pizza             |       |       |     1 ||     1
Armor: Scale mail        |    56 |    55 |    64 ||   175
       Chain mail        |       |       |    30 ||    30
Dodge: Dodged            |    34 |    45 |    44 ||   123
Block: Shield            |    55 |    85 |   104 ||   244
